 Dungeon Crawl Stone Soup version 0.30-a0-339-g89bb51ec76 (webtiles) character file.

Game seed: 15561925245756999561

323 retardedninja the Trooper (level 6, -7/56 HPs)
             Began as a Hill Orc Fighter on Oct 31, 2022.
             Mangled by a gnoll bouda
             ... wielding a +0 club
              (8 damage)
             ... on level 4 of the Dungeon.
             The game lasted 00:04:37 (3396 turns).

retardedninja the Trooper (Hill Orc Fighter)        Turns: 3396, Time: 00:04:38

Health: -7/56      AC:  7    Str: 21    XL:     6   Next: 47%
Magic:  6/6        EV:  9    Int:  8    God:
Gold:   207        SH:  9    Dex: 10    Spells: 5/5 levels left

rFire   . . .      SeeInvis .    a - +0 war axe
rCold   . . .      Faith    .    c - +0 buckler
rNeg    . . .      Spirit   .    b - +0 scale mail
rPois   .          Reflect  +    (no helmet)
rElec   .          Harm     .    (no cloak)
rCorr   .          Rampage  .    (no gloves)
Will    .....                    (no boots)
Stlth   ..........               m - amulet of reflection
HPRegen 0.29/turn                (no ring)
MPRegen 0.10/turn                (no ring)

@: weakened
A: no striking features
a: no special abilities


You were on level 4 of the Dungeon.
You visited 1 branch of the dungeon, and saw 4 of its levels.

You collected 207 gold pieces.

Inventory:

Hand Weapons
 a - a +0 war axe (weapon)
Armour
 b - a +0 scale mail (worn)
 c - a +0 buckler (worn)
Jewellery
 m - an amulet of reflection (around neck)
Wands
 q - a wand of charming (8)
Scrolls
 e - 6 scrolls of immolation {unknown}
 f - 4 scrolls of blinking {unknown}
 g - a scroll of poison {unknown}
 h - a scroll of noise {unknown}
 i - a scroll of enchant armour {unknown}
 k - a scroll of vulnerability {unknown}
 p - a scroll of amnesia {unknown}
Potions
 d - a potion of might
 j - 3 potions of heal wounds {unknown}
 l - 2 potions of degeneration {unknown}
 n - a potion of lignification {unknown}


   Skills:
 + Level 5.2 Fighting
 + Level 4.9 Axes
 + Level 4.8 Armour
 + Level 4.7 Shields


You had 5 spell levels left.
You didn't know any spells.
Your spell library was empty.

Dungeon Overview and Level Annotations

Branches:
Dungeon (4/15)
 Temple: D:4-7

Altars:
Cheibriados
Elyvilon
Trog
Wu Jian


Message History

The gnoll bouda is lightly wounded.
You hit the iguana but do no damage. You block the iguana's attack.
The gnoll bouda hits you with a +0 club!
* * * LOW HITPOINT WARNING * * *
The gnoll bouda gazes fiercely through you!
You feel as though you will be weak longer.
The gnoll bouda hits you but does no damage.
The iguana barely misses you.
You feel better. The iguana closely misses you.
You block the gnoll bouda's attack.
You barely miss the gnoll bouda.
The gnoll bouda is lightly wounded.
You hit the iguana.
The gnoll bouda hits you but does no damage.
The iguana closely misses you.
You slash the gnoll bouda!
The gnoll bouda is severely wounded.
You closely miss the iguana. The gnoll bouda barely misses you.
The iguana bites you!
* * * LOW HITPOINT WARNING * * *
You hit the gnoll bouda.
The gnoll bouda is severely wounded.
You barely miss the iguana.
Your attacks no longer feel as feeble.
The iguana barely misses you.
The gnoll bouda hits you with a +0 club.
* * * LOW HITPOINT WARNING * * *
The iguana closely misses you. The gnoll bouda completely misses you.
You feel better.
The gnoll bouda hits you with a +0 club!
* * * LOW HITPOINT WARNING * * *
You block the iguana's attack.
You hit the gnoll bouda.
The gnoll bouda is almost dead.
You closely miss the iguana. The iguana bites you!
* * * LOW HITPOINT WARNING * * *
The gnoll bouda gazes fiercely through you!
You feel your attacks grow feeble.
The gnoll bouda hits you with a +0 club!
You die...

#....###.####...###§
#.#..# #.###....##≈≈
#.#..# #........##≈.
#.#..###.####..##⌠≈.
#.#............###≈.
#.........#.##.##⌠≈.
####..####....#.###§§
####...............# #≈≈
###....##@##.......###
##§ ##...####lg)####...##
## #..###..#...# ###..# #
#.##.#..#...# #.##.# #
##.').#..#...# #()'.# #
#..##.#).#...# #.##.# #
#...###..#...# ###..#
#..).(##'#??)#+##....####
##.##....#####..........#


You could see a gnoll bouda and an iguana.

Vanquished Creatures
  A phantom (D:3)
  A howler monkey (D:4)
  A jelly (D:4)
  A hound (D:3)
  An iguana (D:3)
  An orc wizard (D:4)
  3 adders
  2 dart slugs
  4 orcs
  9 ball pythons
  12 endoplasms
  4 giant cockroaches
  4 goblins
  8 hobgoblins
  3 quokkas
  4 bats
  3 frilled lizards
  9 kobolds
  2 rats
73 creatures vanquished.

Notes
Turn   | Place    | Note
-------+----------+-------------------------------------------
     0 | D:1      | retardedninja the Hill Orc Fighter began the quest for the
                  | Orb.
     0 | D:1      | Reached XP level 1. HP: 19/19 MP: 1/1
   121 | D:1      | Reached XP level 2. HP: 27/27 MP: 2/2
   364 | D:1      | Found a faded altar of an unknown god.
   720 | D:2      | Reached skill level 4 in Fighting
   783 | D:2      | Reached XP level 3. HP: 16/33 MP: 3/3
  1265 | D:2      | Found a snail-covered altar of Cheibriados.
  1854 | D:3      | Reached XP level 4. HP: 40/40 MP: 4/4
  2137 | D:3      | Found a white marble altar of Elyvilon.
  2442 | D:4      | Noticed a phantom
  2463 | D:3      | Reached XP level 5. HP: 19/47 MP: 5/5
  2463 | D:3      | Killed a phantom
  2846 | D:4      | Found a bloodstained altar of Trog.
  2869 | D:4      | Reached skill level 5 in Fighting
  2869 | D:4      | Reached XP level 6. HP: 52/56 MP: 6/6
  3217 | D:4      | Found an ornate altar of the Wu Jian Council.
  3396 | D:4      | HP: 1/56 [iguana (7)]
  3396 | D:4      | Mangled by a gnoll bouda

Illustrated notes

Levels and vault maps discovered:
D:1:      saegor_arrival_simple_d, layout_basic,
          chequers_ecumenical_altar_island
D:2:      layout_basic, basic_altar
D:3:      layout_basic, elyvilon_altar_5
D:4:      layout_loops_ring, lightli_temple_of_fire,
          nicolae_wu_jian_wuxing_cycle, kennysheep_minor_cross,
          minmay_divided_ellipse

Skill      XL: |  1  2  3  4  5 |
---------------+----------------+-----
Axes           | 3 4 |  4.9
Fighting       | 4 5 |  5.2
Armour         | 4 |  4.8
Shields        | 4 |  4.7

Action                   |  1- 3 |  4- 6 || total
-------------------------+-------+-------++-------
Melee: War axe           |   116 |    89 ||   205
  Use: Potion            |     1 |     3 ||     4
Armor: Scale mail        |    57 |    33 ||    90
Dodge: Dodged            |    42 |    55 ||    97
Block: Buckler           |    46 |    58 ||   104
       Reflection        |     2 |     1 ||     3

Table legend: (Time is in decaauts)
 A = Elapsed time spent in this place.
 B = Non-inter-level travel time spent in this place.
 C = Inter-level travel time spent in this place.
 D = Time resting spent in this place.
 E = Time spent auto-exploring this place.
 F = Levels seen in this place.
 G = Mean time per level.
                   A        B        C        D        E       F      G
               +--------+--------+--------+--------+--------+-----+--------+
         Total |   3475 |   3403 |     72 |    852 |   2022 |   4 |  868.8 |
       Dungeon |   3475 |   3403 |     72 |    852 |   2022 |   4 |  868.8 |
               +--------+--------+--------+--------+--------+-----+--------+

Top non-repeatable levels by time:
     D:2: 1197 daAuts
     D:3: 1045 daAuts
     D:4: 660 daAuts
     D:1: 571 daAuts
